AoeStats
← 嘴角一颗芝麻

Arabia

510139415Analyzed
1v1 RM · 3d ago on Sep 29, 2026· 45m 45s· 2 players
Game mode
Random Map
Map size
Tiny (2 player)
Population
200
Speed
Normal
Resources
Standard
Victory
Conquest
Starting age
Dark Age
Ending age
Imperial Age
RankedLock teamsTeams togetherTeam positionsShared explorationLock speedFull tech treeHidden civsTurbo modeCheats
Victory
Defeat
🇨🇳 Persians · China
1430
+17
🇪🇸 Poles · Spain
1448
-17
嘴角一颗芝麻
5:45 Loom
8:43 Feudal Age
9:20 Double-Bit Axe
9:21 Horse Collar
10:45 Town Watch
20:47 Castle Age
19:33 Fletching
19:45 Padded Archer Armor
20:05 Bloodlines
21:09 Bodkin Arrow
21:31 Bow Saw
22:04 Wheelbarrow
26:00 Heavy Plow
25:55 Gold Mining
29:34 Husbandry
30:56 Ballistics
31:30 Hand Cart
35:38 Imperial Age
35:30 Scale Barding Armor
35:36 Forging
35:23 Cavalier
36:47 Chain Barding Armor
36:45 Leather Archer Armor
37:45 Two-Man Saw
37:16 Crop Rotation
36:37 Stone Mining
38:08 Iron Casting
39:01 Plate Barding Armor
39:15 Savar
44:30 Blast Furnace
abenza8
5:05 Loom
10:15 Feudal Age
10:52 Double-Bit Axe
16:25 Horse Collar
19:43 Wheelbarrow
23:15 Castle Age
21:32 Stone Mining
22:24 Bloodlines
23:35 Scale Barding Armor
25:30 Bow Saw
25:24 Gold Mining
26:09 Town Watch
29:24 Fletching
30:56 Husbandry
32:52 Chain Barding Armor
33:22 Forging
36:18 Pikeman
40:23 Scale Mail Armor
44:23 Imperial Age
44:55 Cavalier
Connection lost

Rejoining the realm…

Still unreachable

The connection could not be restored.

Session expired

The server has moved on; the page needs a fresh start.